 Dungeon Crawl Stone Soup version 0.26.1-2-gb8aa6d0cf2 (webtiles) character file.

Game seed: 1649560929145809096

4561 Amaterasu the Spear-Bearer (level 10, -2/91 HPs)
             Began as a Minotaur Fighter on Feb 10, 2021.
             Was a Priest of Okawaru.
             Slain by a killer bee (4 damage)
             ... on level 9 of the Dungeon.
             The game lasted 00:10:38 (8571 turns).

Amaterasu the Spear-Bearer (Minotaur Fighter)       Turns: 8571, Time: 00:10:39

Health: -2/91      AC: 17    Str: 24    XL:     10   Next: 18%
Magic:  12/12      EV:  7    Int:  5    God:    Okawaru [***...]
Gold:   196        SH: 11    Dex: 10    Spells: 9/9 levels left

rFire    . . .     SeeInvis .   a - +1 trident
rCold    . . .     Faith    .   c - +0 kite shield
rNeg     . . .     Spirit   .   w - +0 plate armour
rPois    +         Reflect  .   (helmet restricted)
rElec    .         Harm     .   r - +2 cloak
rCorr    .         Rampage  .   (no gloves)
Will     .....                  t - +0 pair of boots
Stlth    ..........             (no amulet)
HPRegen  0.25/turn              q - ring of poison resistance
MPRegen  0.13/turn              (no ring)

@: mesmerised
A: retaliatory headbutt, horns 2
a: Renounce Religion, Heroism


You were on level 9 of the Dungeon.
You worshipped Okawaru.
Okawaru was most pleased with you.
You visited 1 branch of the dungeon, and saw 9 of its levels.

You collected 289 gold pieces.
You spent 93 gold pieces at shops.

Inventory:

Hand Weapons
 a - a +1 trident (weapon)
Armour
 c - a +0 kite shield (worn)
 r - a +2 cloak (worn)
 t - a +0 pair of boots (worn)
 w - a +0 plate armour (worn)
Jewellery
 q - a ring of poison resistance (left hand)
Wands
 b - a wand of random effects (13)
 d - a wand of paralysis (17)
 f - a wand of polymorph (14)
 i - a wand of flame (25)
 o - a wand of digging (7)
Scrolls
 h - 5 scrolls of teleportation
 l - 4 scrolls of remove curse
 p - a scroll of enchant weapon
 s - a scroll of enchant armour
 x - a scroll of fear
Potions
 e - 2 potions of resistance
 g - 3 potions of curing
 j - 2 potions of mutation
 k - 3 potions of flight
 m - a potion of invisibility
 n - 3 potions of brilliance
 u - 2 potions of magic


   Skills:
 * Level 9.5 Fighting
 * Level 9.9 Polearms
 - Level 7.0 Armour
 - Level 4.0 Dodging
 - Level 7.0 Shields
 - Level 5.0 Invocations
 - Level 3.0 Evocations


You had 9 spell levels left.
You didn't know any spells.
Your spell library contained the following spells:

 Spells                   Type           Power        Failure   Level
 Animate Skeleton         Necr           0%           100%        1
 Apportation              Tloc           0%           100%        1
 Corona                   Hex            0%           100%        1
 Summon Small Mammal      Summ           0%           100%        1


Dungeon Overview and Level Annotations

Branches:
Dungeon (9/15)             Temple (0/1) D:5
   Lair: D:8-11         Orc: D:9-12

Altars:
Dithmenos
Fedhas
Hepliaklqana
Kikubaaqudgha
Makhleb
Okawaru
Ru
Sif Muna
Trog
Wu Jian
Xom

Shops:
D:8 [*[

Annotations:
D:3 2 transporters
D:9 Maggie


Innate Abilities, Weirdness & Mutations

You reflexively headbutt those who attack you in melee.
You have a pair of horns on your head.


Message History

Maggie barely misses you.
You miss the killer bee.
The killer bee is heavily wounded.
You block the killer bee's attack.
The killer bee stings you but does no damage.
You block the killer bee's attack. The killer bee stings you.
* * * LOW HITPOINT WARNING * * *
Okay, then.
You miss the killer bee. Your headbutt misses the killer bee.
The killer bee is heavily wounded.
You block the killer bee's attack. The killer bee barely misses you.
Maggie gestures wildly while chanting.
Maggie draws you further into her thrall.
The killer bee stings you.
* * * LOW HITPOINT WARNING * * *
You block the killer bee's attack.
You miss the killer bee.
The killer bee is heavily wounded.
The killer bee stings you.
You die...

#.... #.... #....
#...# ...## ...#
#@.# #yy# ##@.+
#...# ##...#
#..###+##
###.......#
###.........#
#####....<......#
................#
................#


You could see Maggie (mesmerising, strong) and 2 killer bees.

Vanquished Creatures
  Pikel (D:4)
  Grinder (D:4)
  A wyvern (D:8)
  Duvessa (D:5)
  A water moccasin (D:6)
  A sky beast (D:8)
  A black bear (D:6)
  2 orc warriors
  2 ice beasts
  3 ogres
  4 centaurs
  5 bullfrogs
  Dowan (D:5)
  3 scorpions (D:4)
  9 wights
  7 killer bees
  2 howler monkeys (D:5)
  A bullfrog zombie (D:4)
  6 hounds
  A jelly (D:6)
  3 orc wizards
  Crazy Yiuf (D:4)
  4 orc priests
  A gnoll shaman (D:7)
  3 iguanas
  Jessica (D:3)
  5 worker ants
  A howler monkey zombie (D:8)
  12 gnolls
  7 adders
  A howler monkey skeleton (D:6)
  4 shadow imps
  6 worms
  A dart slug (D:4)
  3 leopard geckos
  39 orcs
  A ball python (D:1)
  8 bats
  6 giant cockroaches
  7 goblins
  11 hobgoblins
  5 jackals (D:4)
  4 quokkas
  6 frilled lizards
  3 kobolds
  2 quokka skeletons
  4 rats
202 creatures vanquished.

Notes
Turn   | Place    | Note
-------+----------+-------------------------------------------
     0 | D:1      | Amaterasu the Minotaur Fighter began the quest for the Orb.
     0 | D:1      | Reached XP level 1. HP: 19/19 MP: 0/0
    63 | D:1      | Reached XP level 2. HP: 22/27 MP: 1/1
   544 | D:2      | Reached skill level 5 in Fighting
   544 | D:2      | Reached XP level 3. HP: 36/36 MP: 2/2
  1164 | D:2      | Reached XP level 4. HP: 42/42 MP: 3/3
  1297 | D:3      | Noticed Jessica
  1302 | D:3      | Killed Jessica
  1416 | D:3      | Found a burning altar of Makhleb.
  1418 | D:3      | Noticed a phantom
  1418 | D:3      | Noticed a wyvern
  1458 | D:3      | Found a transporter.
  1473 | D:3      | Reached XP level 5. HP: 22/50 MP: 4/4
  1749 | D:3      | Reached skill level 5 in Polearms
  1850 | D:3      | Found a transporter.
  1875 | D:3      | Reached skill level 1 in Dodging
  2062 | D:4      | Found a shadowy altar of Dithmenos.
  2069 | D:4      | Reached XP level 6. HP: 49/57 MP: 5/5
  2373 | D:4      | Reached skill level 5 in Shields
  2422 | D:4      | Reached skill level 5 in Armour
  2430 | D:4      | Reached XP level 7. HP: 46/63 MP: 6/6
  2665 | D:4      | Found a bloodstained altar of Trog.
  2705 | D:4      | Noticed Pikel
  2725 | D:4      | Paralysed by Pikel for 2 turns
  2734 | D:4      | Killed Pikel
  2735 | D:4      | Reached XP level 8. HP: 48/71 MP: 7/7
  2928 | D:4      | Found a runed translucent door.
  2929 | D:4      | Noticed Crazy Yiuf
  2960 | D:4      | Found an ancient bone altar of Kikubaaqudgha.
  3566 | D:4      | Found an iron altar of Okawaru.
  3588 | D:4      | Noticed Grinder
  3602 | D:4      | Killed Grinder
  3609 | D:4      | Became a worshipper of Warmaster Okawaru
  3833 | D:4      | Found a sacrificial altar of Ru.
  4071 | D:4      | Killed Crazy Yiuf
  4237 | D:5      | Entered Level 5 of the Dungeon
  4320 | D:5      | Noticed Duvessa
  4327 | D:5      | Noticed Dowan
  4336 | D:5      | Killed Duvessa
  4342 | D:5      | Killed Dowan
  4343 | D:5      | Reached skill level 1 in Invocations
  4395 | D:5      | Reached skill level 1 in Evocations
  4419 | D:5      | Reached * piety under Okawaru
  4590 | D:5      | Found a staircase to the Ecumenical Temple.
  4600 | D:5      | Reached XP level 9. HP: 82/82 MP: 9/9
  5211 | D:6      | Found a hazy altar of Hepliaklqana.
  5212 | D:6      | Found a shimmering altar of Xom.
  5213 | D:6      | Noticed a spectral ugly thing
  5255 | D:6      | Reached ** piety under Okawaru
  6163 | D:7      | Found an ornate altar of the Wu Jian Council.
  6469 | D:7      | Found a shimmering blue altar of Sif Muna.
  6472 | D:7      | Found a blossoming altar of Fedhas.
  6977 | D:8      | Reached skill level 5 in Invocations
  7109 | D:8      | Reached *** piety under Okawaru
  7129 | D:8      | Reached XP level 10. HP: 80/91 MP: 12/12
  7203 | D:8      | Found a shimmering blue altar of Sif Muna.
  7456 | D:8      | Found Wauhuk's Assorted Antiques.
  7462 | D:8      | Bought a scroll labelled CYFREGR VATASYIL for 31 gold
                  | pieces
  7462 | D:8      | Bought a scroll labelled ZARUSENITO for 31 gold pieces
  7462 | D:8      | Bought a scroll labelled ZARUSENITO for 31 gold pieces
  7606 | D:8      | Found Ziwk's Armour Shop.
  8264 | D:8      | Found Sane's Antique Armour Shoppe.
  8476 | D:9      | Noticed a seven-headed hydra
  8544 | D:9      | Noticed Maggie
  8569 | D:9      | HP: 3/91 [killer bee (3)]
  8571 | D:9      | Slain by a killer bee

Illustrated notes

Levels and vault maps discovered:
D:1:      amcnicky_arrival_choice, layout_rooms, minmay_tromino_v4_b
D:2:      layout_loops_ring
D:3:      layout_rooms, gammafunk_temple_overflow_arena, uniq_jessica
D:4:      minmay_octagon_keep, layout_basic, lightli_temple_of_fire,
          nicolae_ru_the_path_less_chosen, lemuel_crystal_altar,
          nicolae_dithmenos_the_darkroom, okawaru_trees_2,
          uniq_crazy_yiuf_cottage, uniq_pikel, uniq_grinder
D:5:      cheibrodos_quashed, layout_rooms, minmay_temple_entry_waves,
          uniq_duvessa
D:6:      minmay_evil_eye, layout_loops_ring, regret_index_temple_of_mockery
D:7:      layout_basic, nicolae_overflow_hidden_temple, minitemple
D:8:      kennysheep_orc_sif_temple, layout_loops_ring, serial_shops,
          kennysheep_little_box, shop, kennysheep_mini_moat
D:9:      layout_gridville, kennysheep_ying_yang, hangedman_weighted_door,
          grunt_ministairs_1, uniq_gastronok, uniq_maggie

Skill      XL: |  1  2  3  4  5  6  7  8  9 |
---------------+----------------------------+-----
Fighting       | 4 5 6 8 9 |  9.5
Polearms       | 3 4 5 8 9 |  9.9
Shields        | 4 5 7 |  7.0
Dodging        | 1 2 4 |  4.0
Armour         | 4 5 6 7 |  7.0
Invocations    | 1 5 |  5.0
Evocations     | 1 3 |  3.0

Action                   |  1- 3 |  4- 6 |  7- 9 | 10-12 || total
-------------------------+-------+-------+-------+-------++-------
Melee: Trident           |    96 |   150 |   380 |   108 ||   734
       Headbutt          |    10 |    18 |    48 |    15 ||    91
  Use: Scroll            |     4 |     3 |     8 |     5 ||    20
       Potion            |       |       |     2 |       ||     2
 Stab: Distracted        |       |       |     1 |       ||     1
Armor: Scale mail        |    27 |    40 |    19 |       ||    86
       Chain mail        |       |       |    70 |       ||    70
       Plate armour      |       |       |       |    46 ||    46
Dodge: Dodged            |    18 |    28 |    74 |    28 ||   148
Block: Kite shield       |    23 |    61 |   156 |    62 ||   302
